 Dungeon Crawl Stone Soup version 0.31.0-11-ge490571c62 (webtiles) character file.

Game seed: 10929551827003918024

404 qw the Shooter (level 6, -3/30 HPs)
             Began as a Spriggan Hunter on Feb 3, 2024.
             Slain by a scorpion (6 damage)
             ... on level 3 of the Dungeon.
             The game lasted 00:00:43 (2517 turns).

qw the Shooter (Spriggan Hunter)                    Turns: 2517, Time: 00:00:43

Health: -3/30      AC:  2    Str:  7    XL:     6   Next: 56%
Magic:  7/7        EV: 26    Int: 11    God:
Gold:   178        SH:  0    Dex: 20    Spells: 5/5 levels left

rFire   . . .        d - +1 orcbow (freeze)
rCold   . . .        (shield currently unavailable)
rNeg    . . .        c - +0 robe
rPois   .            (helmet restricted)
rElec   .            (no cloak)
rCorr   .            (gloves unavailable)
SInv    +            (boots unavailable)
Will    +....        e - amulet of faith
Stlth   ++           b - +5 ring of evasion
HPRegen 0.25/turn    (no ring)
MPRegen 0.10/turn

%: faith
@: lethally poisoned (-3 -> -21), very quick
A: very small, no large weapons, unfitting armour, see invisible, speed 3
a: no special abilities


You were on level 3 of the Dungeon.
You visited 1 branch of the dungeon, and saw 4 of its levels.

You collected 178 gold pieces.


Innate Abilities, Weirdness & Mutations

You are very small and have problems with some larger weapons.
You are too small for most types of armour.
You have supernaturally acute eyesight. (SInv)
You cover ground extremely quickly. (Speed+++)


   Skills:
 - Level 2.1 Fighting
 + Level 6.3 Ranged Weapons
 - Level 6.3 Dodging
 - Level 1.5 Stealth


You had 5 spell levels left.
You didn't know any spells.
Your spell library was empty.

Inventory:

Hand Weapons
 d - a +1 orcbow of freezing (weapon)
Armour
 c - a +0 robe (worn)
Jewellery
 b - a +5 ring of evasion (left hand)
 e - an amulet of faith (around neck)
Potions
 k - 2 potions of curing

Dungeon Overview and Level Annotations

Branches:
Dungeon (4/15)
 Temple: D:4-7

Altars:
Xom
Zin


Message History

The arrow freezes the black bear.
The black bear is severely wounded.
The black bear misses you. The black bear barely misses you.
The black bear misses you.
You shoot an arrow. The arrow hits the black bear!
The arrow freezes the black bear.
You kill the black bear!
Your Dodging skill increases to level 6!
You climb downwards.
You hear the sound of rushing water.
There is an entrance to a sewer on this level.
Hurry and find it before the portal rusts away!
There is a stone staircase leading up here.
You shoot an arrow. The arrow closely misses the scorpion.
The scorpion stings you.
You are poisoned.
The scorpion poisons you! The scorpion misses you.
You shoot an arrow. The arrow closely misses the scorpion.
You feel very sick. The scorpion completely misses you.
You shoot an arrow. The arrow hits the scorpion!
The arrow freezes the scorpion.
The scorpion is severely wounded.
You feel sick. The scorpion misses you. The scorpion completely misses you.
A bombardier beetle comes into view.
2514 ||| STAIRDANCE You feel sick.
The scorpion stings you.
You are more poisoned.
The scorpion poisons you!
You climb upwards.
You feel very sick.
There is a stone staircase leading down here.
You shoot an arrow. The arrow hits the scorpion.
The arrow freezes the scorpion.
The scorpion is almost dead.
You feel very sick. The scorpion completely misses you.
You shoot an arrow. The arrow barely misses the scorpion.
You feel very sick. The scorpion stings you.
You are more poisoned.
The scorpion poisons you! The scorpion stings you.
You die...

########.# #.#.###.# #.#.
)...%....# #.......# #.#.
.######### ###.#####
#####.#. .# ###.###
#....... .# #.....#
#.###... .#
####.....#########.######
.#
#........................
.#
#.##...%.#########.######
.# #.##....@s.....)##.#
.## #.#############)##.#
..## #.# #.##.#
...######.# #.##.#
.[........# #?##.#
...######## #.##.## ..##
#.....# .## ####.## ##
###


You could see a scorpion.

Vanquished Creatures
  A black bear (D:3)
  A scorpion (D:3)
  A gnoll bouda (D:3)
  Natasha (thrice) (D:2)
  Robin (D:3)
  4 gnolls (D:3)
  3 adders
  A ribbon worm (D:3)
  3 orcs (D:2)
  7 ball pythons
  3 endoplasms
  5 giant cockroaches
  15 goblins
  6 hobgoblins
  2 jackals (D:2)
  2 kobolds
  3 quokkas
  8 bats
  3 frilled lizards
  A rat (D:3)
73 creatures vanquished.

Notes
Turn   | Place    | Note
-------+----------+-------------------------------------------
     0 | D:1      | qw the Spriggan Hunter began the quest for the Orb.
     0 | D:1      | Reached XP level 1. HP: 10/10 MP: 2/2
     0 | D:1      | 0 ||| qw: Version: 0.3-a-155-g5e7d8dd
     0 | D:1      | 0 ||| qw: Game counter: 3408
     0 | D:1      | 0 ||| qw: Melee chars always use a shield: true
     0 | D:1      | 0 ||| qw: God list: Okawaru
     0 | D:1      | 0 ||| qw: Allow faded altars: false
     0 | D:1      | 0 ||| qw: Do Orc after clearing Dungeon:15 true
     0 | D:1      | 0 ||| qw: Do second Lair branch before Depths: true
     0 | D:1      | 0 ||| qw: Lair rune preference: random
     0 | D:1      | 0 ||| qw: Goals: Normal
     0 | D:1      | 0 ||| PLANNING D:1-11
    94 | D:1      | Reached skill level 3 in Dodging
   155 | D:1      | Reached XP level 2. HP: 14/14 MP: 3/3
   552 | D:1      | 552 ||| DROPPING ring of flight.
   553 | D:1      | 553 ||| READING scroll labelled VUSOTE QIUSAKA.
   553 | D:1      | 553 ||| ENCHANTING +0 shortbow.
   554 | D:1      | 554 ||| READING 3 scrolls labelled GINUON SIWAQ.
   555 | D:1      | 555 ||| READING scroll labelled GEUQUG XIRCH.
   656 | D:1      | 656 ||| READING scroll labelled DOSAEM MACIONO.
   657 | D:1      | 657 ||| READING scroll labelled NUUCKO XANICK.
   661 | D:1      | 661 ||| READING 4 scrolls labelled FATYSE BUTAVOB.
   661 | D:1      | 661 ||| IDENTIFYING 2 fuming white potions
   662 | D:1      | 662 ||| READING 3 scrolls of identify.
   662 | D:1      | 662 ||| IDENTIFYING 2 inky potions
   663 | D:1      | 663 ||| READING 2 scrolls of identify.
   663 | D:1      | 663 ||| IDENTIFYING 2 glowing emerald potions
   664 | D:1      | 664 ||| DROPPING scroll of butterflies.
   665 | D:1      | 665 ||| DROPPING 2 scrolls of fog.
   666 | D:1      | 666 ||| DROPPING 2 potions of ambrosia.
   667 | D:1      | 667 ||| DROPPING 2 potions of berserk rage.
   723 | D:2      | Noticed Natasha
   725 | D:2      | Killed Natasha
   726 | D:2      | Reached XP level 3. HP: 18/18 MP: 4/4
   998 | D:2      | Reached XP level 4. HP: 22/22 MP: 5/5
  1194 | D:2      | Noticed Natasha
  1198 | D:2      | Killed Natasha
  1496 | D:2      | Noticed Natasha
  1498 | D:2      | Killed Natasha
  1519 | D:2      | 1519 ||| READING scroll of identify.
  1519 | D:2      | 1519 ||| IDENTIFYING amethyst potion
  1520 | D:2      | 1520 ||| READING scroll labelled LECWUATTEI.
  1521 | D:2      | 1521 ||| READING scroll labelled XOSIWO QOEDU.
  1564 | D:2      | 1564 ||| DROPPING potion of brilliance.
  1573 | D:3      | Reached XP level 5. HP: 26/26 MP: 6/6
  1906 | D:3      | 1906 ||| FLEEEEING.
  1910 | D:3      | 1910 ||| FLEEEEING.
  2041 | D:3      | Reached skill level 6 in Ranged Weapons
  2041 | D:3      | Reached XP level 6. HP: 30/30 MP: 7/7
  2052 | D:3      | Noticed Robin
  2056 | D:3      | 2056 ||| FLEEEEING.
  2057 | D:3      | 2057 ||| FLEEEEING.
  2064 | D:3      | Killed Robin
  2066 | D:3      | 2066 ||| FLEEEEING.
  2068 | D:3      | 2068 ||| FLEEEEING.
  2069 | D:3      | 2069 ||| FLEEEEING.
  2070 | D:3      | 2070 ||| FLEEEEING.
  2071 | D:3      | 2071 ||| FLEEEEING.
  2072 | D:3      | 2072 ||| FLEEEEING.
  2073 | D:3      | 2073 ||| FLEEEEING.
  2074 | D:3      | 2074 ||| FLEEEEING.
  2246 | D:3      | Found a glowing silver altar of Zin.
  2275 | D:3      | Found a shimmering altar of Xom.
  2383 | D:3      | 2383 ||| UPGRADING to amulet of faith.
  2388 | D:3      | 2388 ||| UPGRADING to +5 ring of evasion.
  2389 | D:3      | 2389 ||| READING scroll labelled KEUTEY ATESAO.
  2490 | D:3      | 2490 ||| READING scroll labelled TANLOH VUROU.
  2490 | D:3      | Identified a scroll of acquirement
  2490 | D:3      | 2490 ||| ACQUIRING +1 orcbow of freezing
  2490 | D:3      | Acquired a +1 orcbow of freezing
  2492 | D:3      | 2492 ||| SWAPPING to +1 orcbow of freezing.
  2493 | D:3      | 2493 ||| DROPPING +1 shortbow.
  2503 | D:4      | 2503 ||| PLANNING SEWER
  2505 | D:4      | 2505 ||| STAIRDANCE
  2509 | D:3      | Reached skill level 6 in Dodging
  2514 | D:4      | 2514 ||| STAIRDANCE
  2517 | D:3      | HP: 3/30 [scorpion (6)]
  2517 | D:3      | Slain by a scorpion

Levels and vault maps discovered:
D:1:      roderic_chinese_lattice_arrival, layout_loops_cross
D:2:      layout_basic, grunt_decor_resistance, guppyfry_early_orc_mine,
          uniq_natasha
D:3:      layout_loops_ring, lemuel_tele_altar, lemuel_coloured_pillars_altar,
          nicolae_grassy_gnolls, uniq_robin
D:4:      layout_basic, minmay_temple_entry_stoned_glass, gup_sewer_entry_pipe,
          minmay_starry_boxes

Skill      XL: |  1  2  3  4  5  6 |
---------------+-------------------+-----
Dodging        | 3 4 5 6 |  6.3
Ranged Weapons | 5 6 |  6.3
Fighting       | 2 |  2.1
Stealth        | |  1.5

Action                     |  1- 3 |  4- 6 || total
---------------------------+-------+-------++-------
   Fire: Shortbow          |    48 |   137 ||   185
         Orcbow            |       |     9 ||     9
    Use: Scroll            |     8 |     5 ||    13
 Armour: Robe              |     1 |    15 ||    16
  Dodge: Dodged            |    16 |    74 ||    90

Table legend:
 A = Non-vault XP
 B = Vault XP
 C = Vault XP percentage of total XP
 D = Non-vault monster count
 E = Vault monster count
 F = Vault count percentage of total count
                 A         B        C        D         E       F
            +---------+---------+-------+---------+---------+-------
      Total |     400 |     178 |  30.8 |      50 |      23 |  31.5
            +---------+---------+-------+---------+---------+-------
        D:1 |      18 |       0 |   0.0 |      11 |       0 |   0.0
        D:2 |     126 |      50 |  28.4 |      20 |       8 |  28.6
        D:3 |     256 |     128 |  33.3 |      19 |      15 |  44.1
            +---------+---------+-------+---------+---------+-------
